 Dungeon Crawl Stone Soup version 0.22-a0-231-g1b571ea (webtiles) character file.

83 wolfsongas the Magician (level 4, -1/32 HPs)
             Began as a Gnoll Wanderer on Feb 21, 2018.
             Slain by a centaur (7 damage)
             ... on level 3 of the Dungeon.
             The game lasted 00:05:10 (2689 turns).

wolfsongas the Magician (Gnoll Wanderer)            Turns: 2689, Time: 00:05:11

Health: -1/32      AC:  6    Str: 14    XL:     4   Next: 44%
Magic:  11/11      EV: 11    Int: 17    God:
Gold:   86         SH:  6    Dex: 13    Spells: 11/13 levels left

rFire    + . .     SeeInvis .   m - staff of fire (curse)
rCold    . . .     Gourm    .   e - +2 buckler
rNeg     . . .     Faith    .   p - +0 leather armour
rPois    .         Spirit   .   (no helmet)
rElec    .         Reflect  .   (no cloak)
rCorr    .         Harm     .   h - +0 pair of gloves
MR       .....                  c - +1 pair of boots {run}
Stlth    +.........             (no amulet)
HPRegen  0.10/turn              (no ring)
MPRegen  0.12/turn              (no ring)

@: quick
A: distributed training, fangs 1, strong nose
a: no special abilities


You were on level 3 of the Dungeon.
You were not hungry.

You visited 1 branch of the dungeon, and saw 3 of its levels.

You collected 86 gold pieces.

Inventory:

Hand Weapons
 b - a +0 whip
 g - a +0 hunting sling
Missiles
 f - 28 bolts
Armour
 c - a +1 pair of boots of running (worn)
 e - a +2 buckler (worn)
 h - a +0 pair of gloves (worn)
 p - a +0 leather armour (worn)
Magical Staves
 m - a cursed staff of fire (weapon)
Scrolls
 l - a scroll of identify
Potions
 i - 3 potions of flight
 j - a potion of curing
 k - a potion of magic
 o - a potion of brilliance
Comestibles
 a - 4 rations
 n - 6 chunks of flesh


   Skills:
 + Level 1.1 Fighting
 + Level 1.1 Short Blades
 + Level 1.1 Long Blades
 + Level 1.1 Axes
 + Level 1.1 Maces & Flails
 + Level 1.1 Polearms
 + Level 1.1 Staves
 + Level 1.1 Slings
 + Level 1.1 Bows
 + Level 1.1 Crossbows
 + Level 2.7 Throwing
 + Level 1.1 Armour
 + Level 1.1 Dodging
 + Level 1.1 Stealth
 + Level 2.7 Shields
 + Level 1.1 Unarmed Combat
 + Level 5.0 Spellcasting
 + Level 0.8 Conjurations
 + Level 2.2 Hexes
 + Level 0.8 Charms
 + Level 3.8 Summonings
 + Level 0.8 Necromancy
 + Level 2.2 Translocations
 + Level 0.8 Transmutations
 + Level 3.8 Fire Magic
 + Level 0.8 Ice Magic
 + Level 0.8 Air Magic
 + Level 0.8 Earth Magic
 + Level 0.8 Poison Magic
 + Level 1.2 Invocations
 + Level 1.1 Evocations


You had 11 spell levels left.
You knew the following spells:

 Your Spells              Type           Power        Failure   Level  Hunger
a - Call Imp              Summ           ###.....     6%          2    #......


Dungeon Overview and Level Annotations

Branches:
Dungeon (3/15)

Altars:


Innate Abilities, Weirdness & Mutations

Your experience applies equally to all skills.
You have very sharp teeth.
Your uncanny sense of smell can sniff out nearby items.


Message History

The centaur is moderately wounded.
The centaur barely misses you. The centaur closely misses you.
Okay, then.
You hit the centaur.
The centaur is heavily wounded.
You block the centaur's attack.
You closely miss the centaur.
The centaur is heavily wounded.
The centaur hits you. x2
You hit the centaur but do no damage. You burn the centaur!
The centaur is heavily wounded.
You block the centaur's attack. The centaur hits you.
You hit the centaur but do no damage. Your bite misses the centaur.
The centaur is heavily wounded.
The centaur misses you. The centaur hits you.
* * * LOW HITPOINT WARNING * * *
You hit the centaur.
The centaur is severely wounded.
The centaur hits you!
You die...

**,,**.#,,#[....#.#........#
,,,,,,,*,,##...##.###.####.#
,*,,,,,,,,*##.###.....# #.#
,**,,,,,,,* #.# ####### #.#
,**,******* #.# ######.#
,,,,* ##+#* ##...##.# ,****
##...#* #.....#.# ,****
##....c## #.......# ,**,**
*#......@###.....###
,*,,,****........(......†..#
,,,,,,,,+..................#
**,,,****..........###...(.#
**,** *#.......#.# ##.##.#
*,* ##.....##.# ###*.# *,*
##...#*#.#******.# *,* ##+#*
#..,,,,,,.# *,* *,*
###******,*


You could see a centaur.

Vanquished Creatures
  3 adders
  2 dart slugs (D:2)
  3 leopard geckos
  5 bats
  A giant cockroach (D:2)
  9 goblins
  2 jackals (D:1)
  2 quokkas
  A frilled lizard (D:3)
  5 kobolds
  7 rats
40 creatures vanquished.

Vanquished Creatures (collateral kills)
  An adder (D:3)
1 creature vanquished.

Grand Total: 41 creatures vanquished

Notes
Turn   | Place    | Note
-------+----------+-------------------------------------------
     0 | D:1      | wolfsongas the Gnoll Wanderer began the quest for the Orb.
     0 | D:1      | wolfsongas set off with: a ration, a potion of lignification, a +0 robe, a +0 club
     0 | D:1      | Reached XP level 1. HP: 13/13 MP: 6/6
   408 | D:1      | Identified a +1 pair of boots of running (You found it on level 1 of the Dungeon)
   438 | D:1      | Reached XP level 2. HP: 1/19 MP: 7/7
  1556 | D:2      | Reached XP level 3. HP: 25/25 MP: 9/9
  1563 | D:2      | Reached skill level 5 in Spellcasting
  1770 | D:2      | Reached skill level 1 in Invocations
  2165 | D:2      | Reached skill level 1 in Fighting
  2165 | D:2      | Reached skill level 1 in Short Blades
  2165 | D:2      | Reached skill level 1 in Long Blades
  2165 | D:2      | Reached skill level 1 in Axes
  2165 | D:2      | Reached skill level 1 in Maces & Flails
  2165 | D:2      | Reached skill level 1 in Polearms
  2165 | D:2      | Reached skill level 1 in Staves
  2165 | D:2      | Reached skill level 1 in Slings
  2165 | D:2      | Reached skill level 1 in Bows
  2165 | D:2      | Reached skill level 1 in Crossbows
  2165 | D:2      | Reached skill level 1 in Armour
  2165 | D:2      | Reached skill level 1 in Dodging
  2165 | D:2      | Reached skill level 1 in Stealth
  2165 | D:2      | Reached skill level 1 in Unarmed Combat
  2165 | D:2      | Reached skill level 1 in Evocations
  2181 | D:2      | Reached XP level 4. HP: 30/32 MP: 11/11
  2341 | D:2      | Learned a level 2 spell: Call Imp
  2679 | D:3      | Noticed a centaur
  2689 | D:3      | Slain by a centaur

Vault maps used:
D:1:      minmay_arrival_stair_chambers
D:2:      first_ration, glass_columns_a, minmay_split_cup_small
D:3:      uniq_grinder

Skill      XL: |  1  2  3 |
---------------+----------+-----
Hexes          | 2 |  2.2
Translocations | 2 |  2.2
Spellcasting   | 5 |  5.0
Invocations    | 1 |  1.2
Fighting       | 1 |  1.1
Short Blades   | 1 |  1.1
Long Blades    | 1 |  1.1
Axes           | 1 |  1.1
Maces & Flails | 1 |  1.1
Polearms       | 1 |  1.1
Staves         | 1 |  1.1
Slings         | 1 |  1.1
Bows           | 1 |  1.1
Crossbows      | 1 |  1.1
Armour         | 1 |  1.1
Dodging        | 1 |  1.1
Stealth        | 1 |  1.1
Unarmed Combat | 1 |  1.1
Evocations     | 1 |  1.1
Throwing       | |  2.7
Shields        | |  2.7
Conjurations   | |  0.8
Charms         | |  0.8
Summonings     | |  3.8
Necromancy     | |  0.8
Transmutations | |  0.8
Fire Magic     | |  3.8
Ice Magic      | |  0.8
Air Magic      | |  0.8
Earth Magic    | |  0.8
Poison Magic   | |  0.8

Action                   |  1- 3 |  4- 6 || total
-------------------------+-------+-------++-------
Melee: Club              |    32 |       ||    32
       Whip              |    87 |       ||    87
       Bite              |    13 |     3 ||    16
       Staff             |    30 |    39 ||    69
 Cast: Call Imp          |       |     1 ||     1
  Use: Scroll            |     6 |     4 ||    10
       Potion            |     3 |       ||     3
 Stab: Sleeping          |     2 |     1 ||     3
       Distracted        |       |     1 ||     1
  Eat: Chunk             |     4 |       ||     4
       Ration            |       |     1 ||     1
Armor: Skin              |    28 |       ||    28
       Robe              |    40 |    15 ||    55
       Leather armour    |       |     7 ||     7
Dodge: Dodged            |    88 |    20 ||   108
Block: Buckler           |    45 |    18 ||    63

Table legend:
 A = Spawn XP
 B = Non-spawn XP
 C = Spawn XP percentage of total XP
 D = Spawn monster count
 E = Non-spawn monster count
 F = Spawn count percentage of total count
 G = Total turns spent on level
                    A         B        C        D         E        F      G
               +---------+---------+-------+---------+---------+-------+---------
         Total |       0 |     119 |   0.0 |       0 |      41 |   0.0 |  2689
               +---------+---------+-------+---------+---------+-------+---------
           D:1 |       0 |      17 |   0.0 |       0 |       9 |   0.0 |  1132
           D:2 |       0 |      67 |   0.0 |       0 |      22 |   0.0 |  1222
           D:3 |       0 |      35 |   0.0 |       0 |      10 |   0.0 |   335
               +---------+---------+-------+---------+---------+-------+---------
